 Dungeon Crawl Stone Soup version 0.22-a0-348-gd16d139 (webtiles) character file.

753 iamserjio the Ducker (level 7, 0/50 HPs)
             Began as an Octopode Monk on Apr 10, 2018.
             Slain by a jackal (2 damage)
             ... on level 5 of the Dungeon.
             The game lasted 00:18:02 (6149 turns).

iamserjio the Ducker (Octopode Monk)                Turns: 6149, Time: 00:18:03

Health: 0/50       AC:  1    Str: 11    XL:     7   Next: 79%
Magic:  7/7        EV: 17    Int: 12    God:
Gold:   334        SH:  0    Dex: 13    Spells: 6/6 levels left

rFire    . . .     SeeInvis .   a - +0 short sword
rCold    . . .     Gourm    .   (no shield)
rNeg     . . .     Faith    .   (helmet restricted)
rPois    .         Spirit   .   (no amulet)
rElec    .         Reflect  .   c - ring of resist corrosion
rCorr    +         Harm     .   d - -3 ring of dexterity (curse)
MR       .....                  (no ring)
Stlth    ++++......             (no ring)
HPRegen  0.16/turn              (no ring)
MPRegen  0.10/turn              (no ring)
                                (no ring)
                                (no ring)

@: lethally poisoned (0 -> 0)
A: almost no armour, stealthy swim, amphibious, 8 rings, constrict 8, camouflage
1, gelatinous body 1
a: no special abilities


You were on level 5 of the Dungeon.
You were not hungry.

You visited 1 branch of the dungeon, and saw 6 of its levels.

You collected 334 gold pieces.

Inventory:

Hand Weapons
 a - a +0 short sword (weapon)
 n - a +1 mace of venom
 p - a +0 long sword
 v - a +1 hunting sling of velocity
 A - a +2 flail of draining
Missiles
 h - 135 stones (quivered)
 j - 23 bolts
 t - 6 tomahawks
Armour
 E - a +0 ring mail
Jewellery
 c - a ring of resist corrosion (left tentacle)
 d - a cursed -3 ring of dexterity (right tentacle)
Wands
 D - a wand of paralysis (25)
 G - a wand of flame (27)
Scrolls
 e - a scroll of random uselessness {unknown}
 f - a scroll of amnesia {unknown}
 l - 3 scrolls of enchant weapon
 o - 3 scrolls of remove curse
 q - 2 scrolls of teleportation {unknown}
 w - a scroll of fog {unknown}
 x - a scroll of magic mapping {unknown}
 y - a scroll of immolation {unknown}
 C - a scroll of fear {unknown}
 H - a scroll of blinking {unknown}
Potions
 g - 2 potions of flight
 i - 2 potions of ambrosia {unknown}
 k - a potion of heal wounds {unknown}
 m - a potion of berserk rage {unknown}
 r - a potion of degeneration {unknown}
 s - a potion of brilliance {unknown}
 u - 2 potions of cancellation {unknown}
 z - a potion of agility {unknown}
 F - 3 potions of experience {unknown}
 I - a potion of curing {unknown}
Comestibles
 b - 11 rations


   Skills:
 + Level 5.3 Fighting
 - Level 3.1 Short Blades
 * Level 7.0 Dodging
 - Level 5.0 Stealth


You had 6 spell levels left.
You didn't know any spells.

Dungeon Overview and Level Annotations

Branches:
Dungeon (6/15)             Temple (0/1) D:5

Altars:
Gozag
Kikubaaqudgha
Qazlal
Ru

Annotations:
D:4 ReniFell's ghost, novice OpTm


Innate Abilities, Weirdness & Mutations

You cannot wear most types of armour.
You are very stealthy in the water. (Stealth+)
You are amphibious.
You can wear up to eight rings at the same time.
You can use your tentacles to constrict eight enemies at once.
Your skin changes colour to match your surroundings (Stealth+).
Your rubbery body absorbs attacks. (AC +1, EV +1)


Message History

You hit the jackal but do no damage. You grab the jackal.
You constrict the jackal.
You feel sick. The jackal bites you.
* * * LOW HITPOINT WARNING * * *
2 jackals come into view.
You release your grip on the jackal.
The jackal barks!
The jackal closely misses you.
The jackal moves out of view.
The crimson imp completely misses you.
You climb upwards.
There is a stone staircase leading down here.
You hit the jackal but do no damage. You grab the jackal.
You squeeze the jackal, but do no damage.
The jackal is lightly wounded.
You constrict the jackal. The jackal barely misses you. x2
The crimson imp hits you.
* * * LOW HITPOINT WARNING * * *
You hit the jackal.
The jackal is heavily wounded.
You constrict the jackal.
You feel sick. The jackal bites you.
You die...

.[.#...). #.#.# ...# #....# ....
...## .....# #... .....
..##..... ##..##...## #.# #....
.$ ...#...... # #.#
.#..#....###.#...##..#
..........................#
......#.#.#...###[...# #.##
#####. #..5@h...# ..# #
#####....####.###### #...
#..#.#.........# ..#
#..#.#.........# ##.#
#....#.........#
#..###########...#.........#
#............#...#.........#
#.##.......................#
#####....#############.........#


You could see a crimson imp and a jackal.

Vanquished Creatures
  A centaur (D:5)
  A howler monkey (D:4)
  A bullfrog skeleton (D:5)
  2 hounds
  An orc priest (D:5)
  2 orc wizards
  An iguana (D:5)
  Ijyb (D:4)
  4 worker ants
  Natasha (thrice) (D:4)
  Robin (D:3)
  A worker ant zombie (D:5)
  9 adders
  An ooze (D:1)
  4 worms
  2 dart slugs
  2 leopard geckos (D:3)
  14 orcs
  6 giant cockroaches
  21 goblins
  11 hobgoblins
  A jackal (D:1)
  2 quokkas (D:3)
  2 ball pythons
  10 bats
  3 frilled lizards
  10 kobolds
  A leopard gecko skeleton (D:4)
  10 rats
128 creatures vanquished.

Notes
Turn   | Place    | Note
-------+----------+-------------------------------------------
     0 | D:1      | iamserjio the Octopode Monk began the quest for the Orb.
     0 | D:1      | Reached XP level 1. HP: 16/16 MP: 1/1
   127 | D:1      | Reached XP level 2. HP: 17/21 MP: 2/2
   604 | D:1      | Reached XP level 3. HP: 25/26 MP: 3/3
  1554 | D:2      | Reached XP level 4. HP: 14/31 MP: 4/4
  1779 | D:2      | Reached skill level 4 in Dodging
  2265 | D:3      | Noticed Robin
  2278 | D:3      | Killed Robin
  2452 | D:3      | Reached XP level 5. HP: 35/37 MP: 5/5
  2501 | D:3      | Found a sacrificial altar of Ru.
  3908 | D:4      | Noticed Natasha
  4114 | D:4      | Reached skill level 5 in Dodging
  4114 | D:4      | Reached XP level 6. HP: 37/43 MP: 6/6
  4211 | D:4      | Found an opulent altar of Gozag.
  4226 | D:4      | Reached skill level 5 in Stealth
  4287 | D:4      | Noticed Ijyb
  4289 | D:4      | Paralysed by Ijyb for 3 turns
  4298 | D:4      | Killed Ijyb
  4308 | D:4      | Found an ancient bone altar of Kikubaaqudgha.
  4334 | D:4      | Killed Natasha
  4408 | D:5      | Entered Level 5 of the Dungeon
  4505 | D:5      | Reached skill level 6 in Dodging
  4505 | D:5      | Reached XP level 7. HP: 45/49 MP: 7/7
  4733 | D:4      | Noticed Natasha
  4742 | D:4      | Killed Natasha
  4776 | D:4      | Noticed ReniFell's ghost (novice OpTm)
  5014 | D:4      | Noticed Natasha
  5022 | D:4      | Killed Natasha
  5022 | D:4      | Reached skill level 5 in Fighting
  5106 | D:4      | Found a stormy altar of Qazlal.
  5707 | D:5      | Found a staircase to the Ecumenical Temple.
  6139 | D:6      | Reached skill level 7 in Dodging
  6149 | D:5      | HP: 2/50 [poisoned by a worker ant]
  6149 | D:5      | Slain by a jackal

Vault maps used:
D:1:      kennysheep_arrival_seaside, minmay_misc_feat_square,
          hangedman_decor_peaks_small, minmay_split_cup_large
D:3:      nicolae_overflow_hidden_temple, first_ration, uniq_robin
D:4:      nicolae_qazlal_general_emergency, kiku_gazebo_pond_becter,
          grunt_gozag_statues, kennysheep_generic_room_14, uniq_ijyb,
          uniq_natasha
D:5:      minmay_temple_entry_from_below_a, minmay_guarded_unrand_vampires_tooth
D:6:      nicolae_overflow_crystal_walls, serial_shops, shop,
          uniq_prince_ribbit1, uniq_blork_the_orc

Skill      XL: |  1  2  3  4  5  6  7 |
---------------+----------------------+-----
Stealth        | 3 4 5 |  5.0
Dodging        | 4 5 6 7 |  7.0
Fighting       | 4 5 |  5.3
Short Blades   | |  3.1

Action                   |  1- 3 |  4- 6 |  7- 9 || total
-------------------------+-------+-------+-------++-------
Melee: Short sword       |    74 |   178 |    99 ||   351
       Constrict         |    16 |    36 |    22 ||    74
       Tentacles         |     8 |    31 |    17 ||    56
  Use: Scroll            |       |       |     4 ||     4
 Stab: Sleeping          |    11 |    11 |     5 ||    27
       Distracted        |       |       |     1 ||     1
  Eat: Chunk             |     2 |     9 |     3 ||    14
       Ration            |       |       |     1 ||     1
Armor: Skin              |     2 |    10 |     3 ||    15
Dodge: Dodged            |    44 |   112 |    57 ||   213

Table legend:
 A = Spawn XP
 B = Non-spawn XP
 C = Spawn XP percentage of total XP
 D = Spawn monster count
 E = Non-spawn monster count
 F = Spawn count percentage of total count
 G = Total turns spent on level
                    A         B        C        D         E        F      G
               +---------+---------+-------+---------+---------+-------+---------
         Total |       0 |    1077 |   0.0 |       0 |     128 |   0.0 |  6149
               +---------+---------+-------+---------+---------+-------+---------
           D:1 |       0 |      48 |   0.0 |       0 |      26 |   0.0 |  1150
           D:2 |       0 |      71 |   0.0 |       0 |      25 |   0.0 |  1068
           D:3 |       0 |     175 |   0.0 |       0 |      45 |   0.0 |  2164
           D:4 |       0 |     311 |   0.0 |       0 |      14 |   0.0 |   858
           D:5 |       0 |     402 |   0.0 |       0 |      15 |   0.0 |   883
           D:6 |       0 |      70 |   0.0 |       0 |       3 |   0.0 |    26
               +---------+---------+-------+---------+---------+-------+---------
